 Dungeon Crawl Stone Soup version 0.30-a0-141-g30f27751c5 (webtiles) character file.

Game seed: 11456961562512575742

77331 qw the Severer (level 15, -9/96 HPs)
             Began as a Gargoyle Fighter on Sept 25, 2022.
             Was a High Priest of Okawaru.
             Killed from afar by a fire dragon (48 damage)
             ... with a blast of flame
             ... on level 15 of the Dungeon.
             The game lasted 00:09:19 (18491 turns).

qw the Severer (Gargoyle Fighter)                  Turns: 18491, Time: 00:09:19

Health: -9/96      AC: 46    Str: 29    XL:     15   Next: 56%
Magic:  21/22      EV: 10    Int:  9    God:    Okawaru [*****.]
Gold:   1690       SH: 21    Dex:  9    Spells: 14/14 levels left

rFire   . . .      SeeInvis .    o - +3 broad axe (vamp)
rCold   . . .      Faith    .    c - +3 kite shield "Caacrufu" {+Blink rPois}
rNeg    + . .      Spirit   .    p - +10 plate armour of Zula Vatz {Regen+ Str+2}
rPois   inf        Reflect  +    i - +1 hat of the Shrike {Will+ rCorr}
rElec   +          Harm     .    m - +1 cloak
rCorr   +          Rampage  inf  (no gloves)
Will    ++...                    w - +3 pair of seven-league boots {Rampage+∞}
Stlth   ..........               l - amulet of reflection
HPRegen 1.06/turn                (no ring)
MPRegen 0.18/turn                (no ring)

@: heroic, flying
A: sickness immunity, AC +11, big wings, negative energy resistance 1,
electricity resistance, torment resistance 1, petrification resistance
a: Renounce Religion, Evoke Blink, Heroism, Finesse, Duel


You were on level 15 of the Dungeon.
You worshipped Okawaru.
Okawaru was extremely pleased with you.
You visited 3 branches of the dungeon, and saw 21 of its levels.

You collected 1746 gold pieces.
You spent 56 gold pieces at shops.


Innate Abilities, Weirdness & Mutations

You are immune to sickness and miasma.
Your stone body is resilient. (AC +11)
You are immune to poison.
Your large and strong wings let you fly.
You resist negative energy. (rN+)
You are resistant to electric shocks. (rElec)
You are resistant to unholy torment.
You are immune to petrification.


   Skills:
 - Level 12.0(17.0) Fighting
 - Level 16.0(21.0) Axes
 - Level 5.1(10.1) Throwing
 - Level 11.0(16.0) Armour
 - Level 3.1(8.1) Dodging
 + Level 12.8(17.8) Shields
 - Level 10.0 Invocations


You had 14 spell levels left.
You didn't know any spells.
Your spell library was empty.

Inventory:

Hand Weapons
 n - a +5 morningstar
 o - a +3 vampiric broad axe (weapon)
Missiles
 u - 5 boomerangs
 v - 2 javelins (quivered)
Armour
 c - the +3 kite shield "Caacrufu" (worn) {+Blink rPois}
   (Okawaru gifted it to you on level 5 of the Lair of Beasts)

   rPois:     It protects you from poison.
   +Blink:    It lets you blink.
 h - +0 acid dragon scales
 i - the +1 hat of the Shrike (worn) {Will+ rCorr}
   (Okawaru gifted it to you on level 3 of the Lair of Beasts)

   rCorr:     It protects you from acid and corrosion.
   Will:      It increases your willpower.
 m - a +1 cloak (worn)
 p - the +10 plate armour of Zula Vatz (worn) {Regen+ Str+2}
   (You found it on level 4 of the Dungeon)

   Str:       It affects your strength (+2).
   Regen:     It increases your rate of health regeneration.
 w - the +3 pair of seven-league boots (worn) {Rampage+∞}
   (You found it on level 5 of the Lair of Beasts)

   Its wearer moves as far as possible in that direction when moving towards
   enemies.
Jewellery
 b - an amulet of guardian spirit
 l - an amulet of reflection (around neck)
Scrolls
 a - 4 scrolls of teleportation
 k - 6 scrolls of identify
 q - a scroll of brand weapon
Potions
 d - 5 potions of might
 e - 5 potions of lignification
 f - 6 potions of curing
 g - 5 potions of attraction
 j - a potion of cancellation
 r - a potion of haste
 s - 3 potions of resistance
 t - 2 potions of mutation
 x - a potion of magic

Dungeon Overview and Level Annotations

Branches:
Dungeon (15/15)            Temple (1/1) D:5            Lair (5/5) D:10
  Swamp (0/4) Lair:3        Snake (0/4) Lair:3        Slime (0/5) Lair:4
    Orc (0/2) D:9          Vaults (0/5) D:14         Depths (0/4) D:15

Altars:
Ashenzari
Cheibriados
Dithmenos
Elyvilon
Fedhas
Gozag
Hepliaklqana
Kikubaaqudgha
Makhleb
Nemelex Xobeh
Okawaru
Qazlal
Ru
Sif Muna
Trog
Wu Jian
Xom
Yredelemnul
Zin
The Shining One
Jiyva

Shops:
D:1 =   D:6 (

Annotations:
D:6 2 transporters, qw's ghost, novice GrFi
D:8 2 runed translucent doors


Message History

You see here a +0 trident.
A fire dragon is nearby!
18481 ||| INVOKING Heroism.
You gain the combat prowess of a mighty hero.
The fire dragon roars deafeningly!
You stride towards the fire dragon!
You completely miss the fire dragon.
The fire dragon is lightly wounded.
You block the fire dragon's attack. x2; The fire dragon closely misses you.
You completely miss the fire dragon.
The fire dragon is lightly wounded.
The ice dragon roars deafeningly!
You closely miss the fire dragon.
The fire dragon is lightly wounded.
The fire dragon breathes flames at you. The blast of flame misses you.
You hit the fire dragon.
The fire dragon is lightly wounded.
You block the fire dragon's attack. x3
You hit the fire dragon.
The fire dragon is lightly wounded.
You block the fire dragon's attack. The fire dragon misses you.
You block the fire dragon's attack.
You hit the fire dragon but do no damage.
The fire dragon is lightly wounded.
You barely miss the ice dragon. You slash the fire dragon!
The fire dragon is moderately wounded.
You slash the ice dragon! The ice dragon breathes frost at you.
The blast of cold hits you!! You block the fire dragon's attack. x2
The fire dragon tramples you but does no damage.
You slice the fire dragon!!
The fire dragon is severely wounded.
You barely miss the ice dragon. The ice dragon breathes frost at you.
The blast of cold hits you!!! The fire dragon breathes flames at you.
The blast of flame hits you!!!
Ouch! That really hurt!
You die...

................##..#..#...#.....
.......#........##.)#..#...#.....
.^....##..##.....##...##.........
.....}#....###.#####.##........##
.....###...###....##.#....###.###
(....#.#...))....(...#..#####..##
..#...............8..#..####...##
..#.....#.##........##.....#.....
<......#####....@..##..###.......
.........#.#...DD.##....##.......
.................##.....###......
..........................#......
##...............................
##.............................%%
............................#....
............................#.#.%
...........(..................###


You could see a fire dragon (catching breath) and an ice dragon (catching
breath).

Vanquished Creatures
  A vault guard (D:14)
  Erolcha (D:11)
  3 hydras
  5 centaur warriors
  5 two-headed ogres
  8 boulder beetles
  2 tengu warriors (D:14)
  4 skeletal warriors (D:13)
  A goliath frog (Lair:5)
  Lodul (D:13)
  A wizard (D:15)
  2 lindwurms
  Pikel (D:6)
  7 ugly things
  A wolf spider (D:12)
  5 cyclopes
  A will-o-the-wisp (Lair:3)
  3 manticores
  5 black mambas
  A guardian serpent (Lair:5)
  Joseph (D:7)
  10 elephants
  2 torpor snails (Lair:5)
  Maggie (D:7)
  Psyche (D:9)
  33 cane toads
  7 komodo dragons
  5 rime drakes
  A gargoyle (D:11)
  A tengu conjurer (D:12)
  3 trolls
  An efreet (D:13)
  3 polar bears
  2 polar bears (shapeshifter) (D:13)
  4 tyrant leeches (Lair:5)
  A raiju (shapeshifter) (D:15)
  13 blink frogs
  15 slime creatures
  10 dream sheep
  2 shadows (D:11)
  A centaur simulacrum (D:15)
  5 wyverns
  A wraith (D:12)
  A vampire (D:12)
  3 water elementals
  40 yaks
  Grum (D:8)
  6 basilisks
  4 steam dragons
  8 vampire mosquitoes
  3 acid dragons
  2 nagas (Lair:3)
  20 water moccasins
  4 orc warriors
  3 sky beasts
  3 black bears
  9 ogres
  2 ice beasts (D:7)
  23 wolves
  3 lemures (D:6)
  10 centaurs
  5 kobold brigands
  14 bullfrogs
  5 necrophages
  8 wights
  19 killer bees
  4 electric eels
  2 howler monkeys
  A jelly (D:5)
  5 hounds
  4 gnoll boudas
  9 orc priests
  3 iguanas
  11 orc wizards
  Ijyb (D:5)
  2 adders
  21 gnolls
  2 shadow imps
  2 white imps
  2 ufetubi
  2 worms
  A dart slug (D:1)
  43 orcs
  6 bats
  5 endoplasms
  3 giant cockroaches
  5 goblins
  6 hobgoblins
  4 jackals (D:1)
  7 quokkas
  10 ball pythons
  5 frilled lizards
  34 kobolds
  5 rats
582 creatures vanquished.

Vanquished Creatures (others)
  A killer bee (D:7)
  A gnoll (D:8)
  10 foxfires (Lair:3)
  16 fungi
  103 plants
  4 toadstools (D:1)
135 creatures vanquished.

Grand Total: 717 creatures vanquished

Notes
Turn   | Place    | Note
-------+----------+-------------------------------------------
     0 | D:1      | qw the Gargoyle Fighter began the quest for the Orb.
     0 | D:1      | Reached XP level 1. HP: 14/14 MP: 1/1
     0 | D:1      | 0 ||| qw: Version: 0.2-a-10-g399e6c4
     0 | D:1      | 0 ||| qw: Game counter: 228
     0 | D:1      | 0 ||| qw: Always use a shield: true
     0 | D:1      | 0 ||| qw: God list: Okawaru
     0 | D:1      | 0 ||| qw: Allow faded altars: false
     0 | D:1      | 0 ||| qw: Do Orc after D:15 true
     0 | D:1      | 0 ||| qw: Do second Lair branch before Depths: true
     0 | D:1      | 0 ||| qw: Lair rune preference: random
     0 | D:1      | 0 ||| qw: Plans: Normal, Zot:1-4, God:TSO, Crypt, Tomb,
                  | Pan, Slime:5, Hells, Abyss, Orb
     0 | D:1      | 0 ||| PLANNING D:1-11
    21 | D:1      | 21 ||| Stepping ~*~*~tactically~*~*~ (stealth).
    28 | D:1      | Reached skill level 2 in Axes
    58 | D:1      | 58 ||| Stepping ~*~*~tactically~*~*~ (stealth).
    89 | D:1      | Reached XP level 2. HP: 18/19 MP: 2/2
   309 | D:1      | Found Heyhi's Jewellery Emporium.
   318 | D:1      | 318 ||| READING scroll labelled OSOYNY BEINU.
   319 | D:1      | 319 ||| Stepping randomly (stuck).
   320 | D:1      | 320 ||| Stepping randomly (stuck).
   321 | D:1      | 321 ||| Stepping randomly (stuck).
   322 | D:1      | 322 ||| SHOPLISTING +4 ring of evasion (432 gold, have 36).
   322 | D:1      | 322 ||| SHOPLISTING amulet of the acrobat (360 gold, have
                  | 36).
   322 | D:1      | 322 ||| SHOPLISTING ring "Jitoake" {Will++ SInv} (432 gold,
                  | have 36).
   328 | D:1      | Reached skill level 3 in Axes
   438 | D:1      | Reached XP level 3. HP: 21/23 MP: 3/3
   562 | D:1      | 562 ||| Stepping ~*~*~tactically~*~*~ (stealth).
   563 | D:1      | 563 ||| Stepping ~*~*~tactically~*~*~ (stealth).
   934 | D:1      | 934 ||| READING scroll labelled PIL SOIRPHARE.
  1210 | D:2      | Found a faded altar of an unknown god.
  1376 | D:2      | 1376 ||| Stepping ~*~*~tactically~*~*~ (stealth).
  1384 | D:2      | 1384 ||| Stepping ~*~*~tactically~*~*~ (stealth).
  1385 | D:2      | 1385 ||| Stepping ~*~*~tactically~*~*~ (stealth).
  1386 | D:2      | 1386 ||| Stepping ~*~*~tactically~*~*~ (stealth).
  1387 | D:2      | 1387 ||| Stepping ~*~*~tactically~*~*~ (stealth).
  1396 | D:2      | Reached XP level 4. HP: 28/28 MP: 4/4
  1488 | D:2      | 1488 ||| UPGRADING to +0 chain mail.
  1498 | D:2      | 1498 ||| DROPPING +0 scale mail.
  1499 | D:2      | 1499 ||| UPGRADING to +0 pair of boots.
  1504 | D:2      | 1504 ||| UPGRADING to amulet of reflection.
  1509 | D:2      | 1509 ||| READING 2 scrolls labelled YQIWNE VUBRAN.
  1514 | D:2      | 1514 ||| READING scroll labelled ZIBUCR ASILU.
  1515 | D:2      | 1515 ||| READING 3 scrolls labelled VATIOS NOSEWUS.
  1516 | D:2      | 1516 ||| READING 2 scrolls of identify.
  1516 | D:2      | 1516 ||| IDENTIFYING fuming green potion
  1682 | D:3      | Reached skill level 4 in Axes
  2197 | D:3      | 2197 ||| READING scroll labelled TOOTSI VUOGRU.
  2396 | D:4      | Noticed a water moccasin
  2411 | D:4      | Killed a water moccasin
  2412 | D:4      | Reached skill level 5 in Axes
  2412 | D:4      | Reached XP level 5. HP: 24/32 MP: 5/5
  2508 | D:4      | Reached XP level 6. HP: 38/38 MP: 6/6
  2576 | D:4      | 2576 ||| DROPPING +1 whip of electrocution.
  2621 | D:4      | Noticed a sky beast
  2634 | D:4      | Killed a sky beast
  2804 | D:4      | Reached skill level 6 in Axes
  2826 | D:4      | Reached skill level 1 in Dodging
  2826 | D:4      | Reached XP level 7. HP: 44/44 MP: 7/7
  2996 | D:4      | Identified the +10 plate armour of Zula Vatz {Regen+ Str+2}
  2998 | D:4      | 2998 ||| UPGRADING to +0 plate armour.
  3008 | D:4      | 3008 ||| DROPPING +0 chain mail.
  3009 | D:4      | 3009 ||| UPGRADING to +0 cloak.
  3014 | D:4      | 3014 ||| UPGRADING to +10 plate armour of Zula Vatz {Regen+
                  | Str+2}.
  3024 | D:4      | 3024 ||| DROPPING +0 plate armour.
  3025 | D:4      | 3025 ||| READING scroll labelled IVAMPO FOKESTITH.
  3026 | D:4      | 3026 ||| DRINKING 2 puce potions.
  3027 | D:4      | 3027 ||| READING 2 scrolls of identify.
  3027 | D:4      | 3027 ||| IDENTIFYING viscous emerald potion
  3028 | D:4      | 3028 ||| DROPPING potion of degeneration.
  3029 | D:4      | 3029 ||| DROPPING potion of magic.
  3053 | D:5      | Entered Level 5 of the Dungeon
  3063 | D:5      | 3063 ||| STAIRDANCE
  3103 | D:5      | Found a staircase to the Ecumenical Temple.
  3104 | D:5      | 3104 ||| PLANNING TEMPLE
  3112 | Temple   | Entered the Ecumenical Temple
  3184 | Temple   | 3184 ||| PLANNING D:1-11
  3320 | D:5      | 3320 ||| Stepping ~*~*~tactically~*~*~ (hiding).
  3334 | D:5      | 3334 ||| DRINKING 2 potions of curing.
  3334 | D:5      | 3334 ||| (to cure confusion)
  3352 | D:5      | 3352 ||| Stepping ~*~*~tactically~*~*~ (stealth).
  3362 | D:5      | 3362 ||| Stepping ~*~*~tactically~*~*~ (stealth).
  3363 | D:5      | 3363 ||| Stepping ~*~*~tactically~*~*~ (stealth).
  3537 | D:5      | Noticed Ijyb
  3552 | D:5      | Killed Ijyb
  3593 | D:5      | Reached skill level 7 in Axes
  3608 | D:5      | Reached XP level 8. HP: 43/49 MP: 8/8
  3830 | D:5      | 3830 ||| READING scroll labelled GOBBURPH WERIUR.
  3858 | D:6      | Found a transporter.
  3859 | D:6      | Noticed qw's ghost (novice GrFi)
  3859 | D:6      | Identified the +7 dire flail of the Spheres {freeze, Contam
                  | rN+ Will+}
  3878 | D:6      | Found a transporter.
  3977 | D:6      | Reached skill level 8 in Axes
  3992 | D:6      | Found Uruumn's Weapon Shoppe.
  4000 | D:6      | 4000 ||| BUYING +0 broad axe (56 gold).
  4000 | D:6      | Bought a +0 broad axe for 56 gold pieces
  4000 | D:6      | 4000 ||| SHOPLISTING +6 war axe "Yciunerr" {protect, rElec
                  | Will+} (753 gold, have 286).
  4000 | D:6      | 4000 ||| SWAPPING to +0 broad axe.
  4001 | D:6      | 4001 ||| DROPPING +1 war axe.
  4089 | D:6      | Identified the -2 pair of boots "Xaoroj" {*Corrode rN+
                  | SInv}
  4121 | D:6      | 4121 ||| Stepping ~*~*~tactically~*~*~ (hiding).
  4152 | D:6      | Reached skill level 6 in Fighting
  4205 | D:6      | Found a snail-covered altar of Cheibriados.
  4206 | D:6      | Found a hazy altar of Hepliaklqana.
  4303 | D:6      | Found an iron altar of Okawaru.
  4304 | D:6      | 4304 ||| PLANNING OKAWARU WORSHIP
  4305 | D:6      | Noticed Pikel
  4322 | D:6      | Killed Pikel
  4323 | D:6      | Reached skill level 9 in Axes
  4323 | D:6      | Reached XP level 9. HP: 55/55 MP: 9/9
  4323 | D:6      | 4323 ||| UPGRADING to -2 pair of boots "Xaoroj" {*Corrode
                  | rN+ SInv}.
  4333 | D:6      | 4333 ||| DRINKING 3 fizzy pink potions.
  4340 | D:6      | Became a worshipper of Warmaster Okawaru
  4341 | D:6      | 4341 ||| PLANNING D:1-11
  4543 | D:7      | 4543 ||| STAIRDANCE
  4563 | D:7      | Noticed Maggie
  4564 | D:7      | 4564 ||| Stepping ~*~*~tactically~*~*~ (hiding).
  4584 | D:7      | Killed Maggie
  4642 | D:7      | Found a shimmering blue altar of Sif Muna.
  4648 | D:7      | Identified the +7 war axe "Huas" {vorpal, Contam Dex+4
                  | SInv}
  4651 | D:7      | Identified the +5 war axe "Dragon's Tongue" {freeze, *Noise
                  | rElec rPois SInv}
  4660 | D:7      | 4660 ||| Stepping ~*~*~tactically~*~*~ (hiding).
  4795 | D:7      | Reached * piety under Okawaru
  4796 | D:7      | Reached skill level 6 in Armour
  4847 | D:7      | 4847 ||| INVOKING Heroism.
  4867 | D:7      | 4867 ||| INVOKING Heroism.
  4868 | D:7      | 4868 ||| INVOKING Heroism.
  4934 | D:7      | Reached skill level 1 in Invocations
  4952 | D:7      | 4952 ||| DROPPING +0 flail.
  4955 | D:7      | 4955 ||| DROPPING +3 flail.
  5035 | D:7      | 5035 ||| Stepping ~*~*~tactically~*~*~ (stealth).
  5037 | D:7      | 5037 ||| Stepping ~*~*~tactically~*~*~ (stealth).
  5041 | D:7      | 5041 ||| INVOKING Heroism.
  5205 | D:7      | 5205 ||| Stepping ~*~*~tactically~*~*~ (stealth).
  5206 | D:7      | 5206 ||| Stepping ~*~*~tactically~*~*~ (hiding).
  5207 | D:7      | 5207 ||| Stepping ~*~*~tactically~*~*~ (hiding).
  5208 | D:7      | 5208 ||| INVOKING Heroism.
  5217 | D:7      | Reached skill level 3 in Invocations
  5220 | D:7      | Reached XP level 10. HP: 52/63 MP: 10/12
  5240 | D:7      | 5240 ||| INVOKING Heroism.
  5248 | D:7      | 5248 ||| Stepping ~*~*~tactically~*~*~ (cloud).
  5255 | D:7      | 5255 ||| Stepping ~*~*~tactically~*~*~ (cloud).
  5271 | D:7      | Noticed Joseph
  5292 | D:7      | Killed Joseph
  5292 | D:7      | Reached ** piety under Okawaru
  5293 | D:7      | Reached skill level 10 in Axes
  5342 | D:7      | 5342 ||| Stepping ~*~*~tactically~*~*~ (hiding).
  5346 | D:7      | 5346 ||| INVOKING Heroism.
  5352 | D:7      | 5352 ||| Stepping ~*~*~tactically~*~*~ (cloud).
  5496 | D:7      | 5496 ||| READING scroll labelled SONODY EHYIFO.
  5497 | D:7      | 5497 ||| READING scroll labelled MYOCRU ULOYRCH.
  5514 | D:8      | 5514 ||| STAIRDANCE
  5520 | D:8      | 5520 ||| INVOKING Heroism.
  5523 | D:8      | Noticed a two-headed ogre
  5533 | D:8      | Killed a two-headed ogre
  5533 | D:8      | Reached *** piety under Okawaru
  5536 | D:8      | 5536 ||| INVOKING Heroism.
  5564 | D:8      | 5564 ||| INVOKING Heroism.
  5565 | D:8      | 5565 ||| Stepping ~*~*~tactically~*~*~ (stealth).
  5575 | D:8      | 5575 ||| INVOKING Heroism.
  5607 | D:8      | 5607 ||| Stepping ~*~*~tactically~*~*~ (stealth).
  5615 | D:8      | 5615 ||| Stepping ~*~*~tactically~*~*~ (stealth).
  5725 | D:8      | 5725 ||| Stepping ~*~*~tactically~*~*~ (stealth).
  5782 | D:8      | 5782 ||| INVOKING Heroism.
  5820 | D:8      | 5820 ||| Stepping ~*~*~tactically~*~*~ (hiding).
  6016 | D:8      | 6016 ||| Stepping ~*~*~tactically~*~*~ (stealth).
  6022 | D:8      | 6022 ||| INVOKING Heroism.
  6031 | D:8      | Noticed Grum
  6040 | D:8      | 6040 ||| INVOKING Heroism.
  6049 | D:8      | Killed Grum
  6089 | D:8      | 6089 ||| Stepping ~*~*~tactically~*~*~ (hiding).
  6210 | D:8      | Found a broken altar of Ashenzari.
  6292 | D:8      | Found a large runed translucent door.
  6293 | D:8      | Found a large runed translucent door.
  6505 | D:8      | 6505 ||| DROPPING amulet of magic regeneration.
  6506 | D:8      | 6506 ||| DROPPING ring of wizardry.
  6507 | D:8      | 6507 ||| DRINKING 3 viscous grey potions.
  6508 | D:8      | 6508 ||| DROPPING 2 potions of flight.
  6559 | D:9      | 6559 ||| Stepping ~*~*~tactically~*~*~ (hiding).
  6562 | D:9      | 6562 ||| Stepping ~*~*~tactically~*~*~ (hiding).
  6566 | D:9      | 6566 ||| Stepping ~*~*~tactically~*~*~ (hiding).
  6568 | D:9      | 6568 ||| INVOKING Heroism.
  6604 | D:9      | 6604 ||| INVOKING Heroism.
  6611 | D:9      | Reached skill level 11 in Axes
  6633 | D:9      | 6633 ||| INVOKING Heroism.
  6640 | D:9      | Reached skill level 9 in Fighting
  6743 | D:9      | 6743 ||| Stepping ~*~*~tactically~*~*~ (stealth).
  6745 | D:9      | 6745 ||| Stepping ~*~*~tactically~*~*~ (stealth).
  6747 | D:9      | 6747 ||| INVOKING Heroism.
  6824 | D:9      | 6824 ||| READING scroll of enchant weapon.
  6824 | D:9      | 6824 ||| ENCHANTING +0 broad axe.
  6841 | D:9      | 6841 ||| Stepping ~*~*~tactically~*~*~ (hiding).
  6844 | D:9      | 6844 ||| Stepping ~*~*~tactically~*~*~ (hiding).
  6846 | D:9      | 6846 ||| Stepping ~*~*~tactically~*~*~ (hiding).
  6847 | D:9      | 6847 ||| Stepping ~*~*~tactically~*~*~ (hiding).
  6850 | D:9      | 6850 ||| INVOKING Heroism.
  6856 | D:9      | Reached XP level 11. HP: 71/71 MP: 11/14
  6903 | D:9      | 6903 ||| Stepping ~*~*~tactically~*~*~ (hiding).
  6905 | D:9      | 6905 ||| Stepping ~*~*~tactically~*~*~ (hiding).
  6906 | D:9      | 6906 ||| Stepping ~*~*~tactically~*~*~ (hiding).
  6910 | D:9      | 6910 ||| INVOKING Heroism.
  6922 | D:9      | 6922 ||| Stepping ~*~*~tactically~*~*~ (stealth).
  6927 | D:9      | 6927 ||| Stepping ~*~*~tactically~*~*~ (stealth).
  6931 | D:9      | 6931 ||| Stepping ~*~*~tactically~*~*~ (stealth).
  6940 | D:9      | 6940 ||| Stepping ~*~*~tactically~*~*~ (stealth).
  6948 | D:9      | 6948 ||| Stepping ~*~*~tactically~*~*~ (hiding).
  6956 | D:9      | 6956 ||| FLEEEEING.
  7000 | D:9      | 7000 ||| Stepping ~*~*~tactically~*~*~ (stealth).
  7009 | D:9      | 7009 ||| Stepping ~*~*~tactically~*~*~ (stealth).
  7012 | D:9      | 7012 ||| Stepping ~*~*~tactically~*~*~ (hiding).
  7015 | D:9      | 7015 ||| Stepping ~*~*~tactically~*~*~ (hiding).
  7033 | D:9      | 7033 ||| Stepping ~*~*~tactically~*~*~ (hiding).
  7035 | D:9      | 7035 ||| Stepping ~*~*~tactically~*~*~ (hiding).
  7046 | D:9      | Reached skill level 1 in Throwing
  7046 | D:9      | Found a staircase to the Orcish Mines.
  7059 | D:9      | 7059 ||| Stepping ~*~*~tactically~*~*~ (stealth).
  7060 | D:9      | 7060 ||| Stepping ~*~*~tactically~*~*~ (stealth).
  7061 | D:9      | 7061 ||| Stepping ~*~*~tactically~*~*~ (stealth).
  7122 | D:9      | 7122 ||| INVOKING Heroism.
  7124 | D:9      | Noticed Psyche
  7143 | D:9      | Killed Psyche
  7467 | D:9      | 7467 ||| UPGRADING to +2 buckler.
  7477 | D:9      | 7477 ||| DROPPING +0 buckler.
  7478 | D:9      | 7478 ||| READING scroll labelled FEOZUELUOJ.
  7491 | D:9      | 7491 ||| READING 2 scrolls labelled VOFECU JUN WYO.
  7492 | D:9      | 7492 ||| DROPPING scroll of amnesia.
  7501 | D:10     | Entered Level 10 of the Dungeon
  7502 | D:10     | 7502 ||| INVOKING Heroism.
  7543 | D:10     | Noticed a two-headed ogre
  7544 | D:10     | 7544 ||| INVOKING Heroism.
  7551 | D:10     | Killed a two-headed ogre
  7551 | D:10     | Reached **** piety under Okawaru
  7623 | D:10     | 7623 ||| Stepping ~*~*~tactically~*~*~ (stealth).
  7659 | D:10     | 7659 ||| Stepping ~*~*~tactically~*~*~ (stealth).
  7666 | D:10     | 7666 ||| INVOKING Heroism.
  7683 | D:10     | 7683 ||| INVOKING Heroism.
  7691 | D:10     | Reached skill level 3 in Throwing
  7790 | D:10     | Noticed a two-headed ogre
  7791 | D:10     | 7791 ||| INVOKING Heroism.
  7795 | D:10     | Killed a two-headed ogre
  7850 | D:10     | Found a staircase to the Lair.
  7889 | D:10     | 7889 ||| Stepping ~*~*~tactically~*~*~ (hiding).
  8426 | D:10     | 8426 ||| PLANNING LAIR
  8426 | D:10     | 8426 ||| READING 4 scrolls of identify.
  8426 | D:10     | 8426 ||| IDENTIFYING purple potion
  8427 | D:10     | 8427 ||| READING 3 scrolls of identify.
  8427 | D:10     | 8427 ||| IDENTIFYING fizzy purple potion
  8428 | D:10     | 8428 ||| READING 2 scrolls of identify.
  8428 | D:10     | 8428 ||| IDENTIFYING brown potion
  8429 | D:10     | 8429 ||| DROPPING potion of berserk rage.
  8444 | Lair:1   | Entered Level 1 of the Lair of Beasts
  8457 | Lair:1   | 8457 ||| INVOKING Heroism.
  8462 | Lair:1   | Reached skill level 6 in Invocations
  8464 | Lair:1   | 8464 ||| Stepping ~*~*~tactically~*~*~ (water).
  8468 | Lair:1   | Reached ***** piety under Okawaru
  8469 | Lair:1   | Reached skill level 12 in Axes
  8613 | Lair:1   | 8613 ||| Stepping ~*~*~tactically~*~*~ (hiding).
  8644 | Lair:1   | 8644 ||| Stepping ~*~*~tactically~*~*~ (stealth).
  8665 | Lair:1   | 8665 ||| INVOKING Heroism.
  8799 | Lair:1   | 8799 ||| INVOKING Heroism.
  8805 | Lair:1   | 8805 ||| Stepping ~*~*~tactically~*~*~ (stealth).
  8819 | Lair:1   | 8819 ||| Stepping ~*~*~tactically~*~*~ (stealth).
  8839 | Lair:1   | 8839 ||| INVOKING Heroism.
  8845 | Lair:1   | Received a gift from Okawaru
  8846 | Lair:1   | Reached skill level 6 in Shields
  8932 | Lair:1   | 8932 ||| INVOKING Heroism.
  8935 | Lair:1   | Reached XP level 12. HP: 76/76 MP: 14/17
  9107 | Lair:1   | Found a dark tunnel.
  9113 | Lair:1   | 9113 ||| Stepping ~*~*~tactically~*~*~ (stealth).
  9255 | Lair:1   | 9255 ||| READING scroll labelled JUAZY ROATO.
  9256 | Lair:1   | 9256 ||| DROPPING +5 war axe "Dragon's Tongue" {freeze,
                  | *Noise rElec rPois SInv}.
  9280 | Lair:1   | 9280 ||| Stepping ~*~*~tactically~*~*~ (stealth).
  9281 | Lair:1   | 9281 ||| Stepping ~*~*~tactically~*~*~ (stealth).
  9375 | Lair:2   | 9375 ||| Stepping ~*~*~tactically~*~*~ (stealth).
  9443 | Lair:2   | Identified the +8 falchion "Jiklyme" {chaos, rPois rC-
                  | Int+4}
  9538 | Lair:2   | 9538 ||| READING scroll of enchant weapon.
  9538 | Lair:2   | 9538 ||| ENCHANTING +1 vampiric broad axe.
  9584 | Lair:2   | 9584 ||| Stepping ~*~*~tactically~*~*~ (hiding).
  9722 | Lair:2   | 9722 ||| Stepping ~*~*~tactically~*~*~ (hiding).
  9950 | Lair:2   | 9950 ||| INVOKING Heroism.
  9969 | Lair:2   | Reached skill level 9 in Invocations
 10062 | Lair:2   | 10062 ||| INVOKING Heroism.
 10242 | Lair:3   | 10242 ||| STAIRDANCE
 10254 | Lair:3   | 10254 ||| STAIRDANCE
 10256 | Lair:2   | 10256 ||| INVOKING Heroism.
 10260 | Lair:2   | Reached skill level 9 in Armour
 10277 | Lair:3   | 10277 ||| STAIRDANCE
 10284 | Lair:3   | 10284 ||| Stepping ~*~*~tactically~*~*~ (hiding).
 10288 | Lair:3   | 10288 ||| INVOKING Heroism.
 10303 | Lair:3   | 10303 ||| Stepping ~*~*~tactically~*~*~ (stealth).
 10353 | Lair:3   | 10353 ||| INVOKING Heroism.
 10356 | Lair:3   | Identified the +1 hat of the Shrike {Will+ rCorr} (Okawaru
                  | gifted it to you on level 3 of the Lair of Beasts)
 10356 | Lair:3   | Received a gift from Okawaru
 10392 | Lair:3   | 10392 ||| INVOKING Heroism.
 10403 | Lair:3   | Noticed a four-headed hydra
 10404 | Lair:3   | 10404 ||| INVOKING Finesse.
 10412 | Lair:3   | 10412 ||| SWAPPING to +5 morningstar.
 10423 | Lair:3   | Killed a four-headed hydra
 10424 | Lair:3   | Reached skill level 13 in Axes
 10424 | Lair:3   | 10424 ||| SWAPPING to +2 vampiric broad axe.
 10434 | Lair:3   | Reached XP level 13. HP: 82/82 MP: 15/20
 10446 | Lair:3   | 10446 ||| Stepping ~*~*~tactically~*~*~ (hiding).
 10447 | Lair:3   | 10447 ||| Stepping ~*~*~tactically~*~*~ (hiding).
 10519 | Lair:3   | 10519 ||| INVOKING Heroism.
 10572 | Lair:3   | 10572 ||| Stepping ~*~*~tactically~*~*~ (stealth).
 10573 | Lair:3   | 10573 ||| Stepping ~*~*~tactically~*~*~ (stealth).
 10575 | Lair:3   | 10575 ||| INVOKING Heroism.
 10589 | Lair:3   | Found a staircase to the Snake Pit.
 10634 | Lair:3   | Found a staircase to the Swamp.
 11049 | Lair:3   | 11049 ||| UPGRADING to +1 hat of the Shrike {Will+ rCorr}.
 11054 | Lair:3   | 11054 ||| READING scroll labelled KIMOOKHL RIPNA.
 11155 | Lair:3   | 11155 ||| DRINKING 3 pink potions.
 11219 | Lair:4   | Found a viscous altar of Jiyva.
 11220 | Lair:4   | Found a staircase to the Slime Pits.
 11266 | Lair:4   | 11266 ||| Stepping ~*~*~tactically~*~*~ (stealth).
 11310 | Lair:4   | 11310 ||| Stepping ~*~*~tactically~*~*~ (stealth).
 11312 | Lair:4   | 11312 ||| Stepping ~*~*~tactically~*~*~ (stealth).
 11519 | Lair:4   | 11519 ||| Stepping ~*~*~tactically~*~*~ (stealth).
 11520 | Lair:4   | 11520 ||| Stepping ~*~*~tactically~*~*~ (stealth).
 11524 | Lair:4   | Reached skill level 14 in Axes
 11526 | Lair:4   | 11526 ||| INVOKING Heroism.
 11556 | Lair:4   | 11556 ||| Stepping ~*~*~tactically~*~*~ (stealth).
 11636 | Lair:4   | 11636 ||| Stepping ~*~*~tactically~*~*~ (stealth).
 11638 | Lair:4   | 11638 ||| INVOKING Heroism.
 11639 | Lair:4   | 11639 ||| SWAPPING to +5 morningstar.
 11640 | Lair:4   | 11640 ||| INVOKING Finesse.
 11648 | Lair:4   | 11648 ||| SWAPPING to +2 vampiric broad axe.
 11784 | Lair:4   | 11784 ||| Stepping ~*~*~tactically~*~*~ (hiding).
 11905 | Lair:4   | 11905 ||| Stepping ~*~*~tactically~*~*~ (hiding).
 12144 | Lair:5   | Entered Level 5 of the Lair of Beasts
 12145 | Lair:5   | 12145 ||| INVOKING Heroism.
 12147 | Lair:5   | 12147 ||| STAIRDANCE
 12164 | Lair:5   | 12164 ||| STAIRDANCE
 12181 | Lair:5   | 12181 ||| STAIRDANCE
 12202 | Lair:5   | 12202 ||| STAIRDANCE
 12216 | Lair:5   | 12216 ||| INVOKING Heroism.
 12218 | Lair:5   | Identified the +5 ring mail "Bujaac" {+Blink rC+ Str+4
                  | Dex+4} (Okawaru gifted it to you on level 5 of the Lair of
                  | Beasts)
 12218 | Lair:5   | Received a gift from Okawaru
 12265 | Lair:5   | 12265 ||| Stepping ~*~*~tactically~*~*~ (stealth).
 12266 | Lair:5   | 12266 ||| INVOKING Heroism.
 12299 | Lair:5   | 12299 ||| INVOKING Heroism.
 12341 | Lair:5   | Reached skill level 15 in Axes
 12341 | Lair:5   | Gained mutation: Your large and strong wings let you fly.
                  | [Gargoyle growth]
 12341 | Lair:5   | Reached XP level 14. HP: 70/90 MP: 21/21
 12409 | Lair:5   | 12409 ||| Stepping ~*~*~tactically~*~*~ (stealth).
 12416 | Lair:5   | 12416 ||| INVOKING Heroism.
 12440 | Lair:5   | Identified the +3 kite shield "Caacrufu" {+Blink rPois}
                  | (Okawaru gifted it to you on level 5 of the Lair of Beasts)
 12440 | Lair:5   | Received a gift from Okawaru
 12451 | Lair:5   | 12451 ||| INVOKING Heroism.
 12490 | Lair:5   | Reached skill level 12 in Fighting
 12564 | Lair:5   | 12564 ||| Stepping ~*~*~tactically~*~*~ (stealth).
 12589 | Lair:5   | 12589 ||| INVOKING Heroism.
 12590 | Lair:5   | 12590 ||| INVOKING Finesse.
 12648 | Lair:5   | 12648 ||| INVOKING Heroism.
 12667 | Lair:5   | 12667 ||| INVOKING Finesse.
 12674 | Lair:5   | 12674 ||| SWAPPING to +5 morningstar.
 12682 | Lair:5   | 12682 ||| SWAPPING to +2 vampiric broad axe.
 12824 | Lair:5   | 12824 ||| Stepping ~*~*~tactically~*~*~ (stealth).
 12894 | Lair:5   | 12894 ||| INVOKING Heroism.
 12895 | Lair:5   | 12895 ||| INVOKING Finesse.
 12899 | Lair:5   | 12899 ||| Stepping ~*~*~tactically~*~*~ (stealth).
 12909 | Lair:5   | 12909 ||| Stepping ~*~*~tactically~*~*~ (stealth).
 12913 | Lair:5   | 12913 ||| Stepping ~*~*~tactically~*~*~ (stealth).
 12959 | Lair:5   | 12959 ||| INVOKING Heroism.
 12961 | Lair:5   | 12961 ||| INVOKING Finesse.
 13015 | Lair:5   | Found the +3 pair of seven-league boots {Rampage+∞}
 13433 | Lair:5   | 13433 ||| PLANNING D:1-11
 13433 | Lair:5   | 13433 ||| UPGRADING to +3 kite shield "Caacrufu" {+Blink
                  | rPois}.
 13443 | Lair:5   | 13443 ||| DROPPING +2 buckler.
 13444 | Lair:5   | 13444 ||| DROPPING +0 pair of boots.
 13445 | Lair:5   | 13445 ||| UPGRADING to +3 pair of seven-league boots
                  | {Rampage+∞}.
 13455 | Lair:5   | 13455 ||| DROPPING -2 pair of boots "Xaoroj" {*Corrode rN+
                  | SInv}.
 13456 | Lair:5   | 13456 ||| READING 5 scrolls of identify.
 13456 | Lair:5   | 13456 ||| IDENTIFYING black potion
 13640 | D:11     | 13640 ||| INVOKING Heroism.
 13644 | D:11     | 13644 ||| Stepping ~*~*~tactically~*~*~ (stealth).
 13645 | D:11     | 13645 ||| Stepping ~*~*~tactically~*~*~ (stealth).
 13817 | D:11     | 13817 ||| Stepping ~*~*~tactically~*~*~ (stealth).
 13819 | D:11     | 13819 ||| Stepping ~*~*~tactically~*~*~ (stealth).
 14121 | D:11     | Noticed Erolcha
 14122 | D:11     | 14122 ||| Stepping ~*~*~tactically~*~*~ (hiding).
 14123 | D:11     | 14123 ||| INVOKING Heroism.
 14124 | D:11     | 14124 ||| INVOKING Finesse.
 14131 | D:11     | Killed Erolcha
 14421 | D:11     | 14421 ||| Stepping ~*~*~tactically~*~*~ (stealth).
 14541 | D:11     | 14541 ||| PLANNING D
 14541 | D:11     | 14541 ||| READING scroll labelled TINWETE BYUBB.
 14584 | D:12     | Received a gift from Okawaru
 14614 | D:12     | 14614 ||| Stepping ~*~*~tactically~*~*~ (hiding).
 14834 | D:12     | 14834 ||| INVOKING Heroism.
 14835 | D:12     | 14835 ||| INVOKING Finesse.
 14855 | D:12     | Reached skill level 9 in Shields
 15002 | D:12     | 15002 ||| DRINKING 6 potions of curing.
 15002 | D:12     | 15002 ||| (to cure confusion)
 15059 | D:12     | 15059 ||| Stepping ~*~*~tactically~*~*~ (hiding).
 15060 | D:12     | 15060 ||| Stepping ~*~*~tactically~*~*~ (hiding).
 15063 | D:12     | 15063 ||| INVOKING Heroism.
 15145 | D:12     | Received a gift from Okawaru
 15206 | D:12     | 15206 ||| READING scroll labelled PAHULOLIGH.
 15207 | D:12     | 15207 ||| READING 6 scrolls of identify.
 15207 | D:12     | 15207 ||| IDENTIFYING sapphire potion
 15210 | D:12     | 15210 ||| INVOKING Heroism.
 15211 | D:12     | 15211 ||| INVOKING Finesse.
 15292 | D:12     | 15292 ||| Stepping ~*~*~tactically~*~*~ (hiding).
 15296 | D:12     | 15296 ||| Stepping ~*~*~tactically~*~*~ (hiding).
 15445 | D:12     | 15445 ||| Stepping ~*~*~tactically~*~*~ (hiding).
 15634 | D:12     | Found a glowing golden altar of the Shining One.
 15639 | D:12     | 15639 ||| READING 6 scrolls of identify.
 15639 | D:12     | 15639 ||| IDENTIFYING bubbling green potion
 15640 | D:12     | 15640 ||| DROPPING potion of brilliance.
 15727 | D:13     | 15727 ||| Stepping ~*~*~tactically~*~*~ (stealth).
 15813 | D:13     | 15813 ||| INVOKING Heroism.
 15815 | D:13     | 15815 ||| Stepping ~*~*~tactically~*~*~ (stealth).
 15828 | D:13     | Reached XP level 15. HP: 96/96 MP: 22/22
 15899 | D:13     | 15899 ||| INVOKING Heroism.
 15913 | D:13     | Noticed Lodul
 15921 | D:13     | Killed Lodul
 15921 | D:13     | Identified the +0 pair of boots "Ocoto" {Regen+} (Okawaru
                  | gifted it to you on level 13 of the Dungeon)
 15921 | D:13     | Received a gift from Okawaru
 15922 | D:13     | Reached skill level 12 in Shields
 15941 | D:13     | Identified the +7 rapier "Momopno" {drain, Str+2}
 15947 | D:13     | 15947 ||| INVOKING Heroism.
 15994 | D:13     | Reached skill level 16 in Axes
 16037 | D:13     | 16037 ||| Stepping ~*~*~tactically~*~*~ (stealth).
 16083 | D:13     | 16083 ||| Stepping ~*~*~tactically~*~*~ (hiding).
 16084 | D:13     | 16084 ||| Stepping ~*~*~tactically~*~*~ (hiding).
 16126 | D:13     | 16126 ||| FLEEEEING.
 16133 | D:13     | 16133 ||| STAIRDANCE
 16235 | D:12     | 16235 ||| DROPPING +0 pair of boots "Ocoto" {Regen+}.
 16236 | D:12     | 16236 ||| READING scroll labelled RUMOPN CIMOH.
 16239 | D:13     | 16239 ||| Stepping ~*~*~tactically~*~*~ (hiding).
 16240 | D:13     | 16240 ||| Stepping ~*~*~tactically~*~*~ (hiding).
 16626 | D:13     | 16626 ||| Stepping ~*~*~tactically~*~*~ (stealth).
 16638 | D:13     | 16638 ||| INVOKING Heroism.
 16723 | D:13     | Reached skill level 3 in Dodging
 17279 | D:14     | 17279 ||| Stepping ~*~*~tactically~*~*~ (stealth).
 17281 | D:14     | 17281 ||| Stepping ~*~*~tactically~*~*~ (stealth).
 17287 | D:14     | 17287 ||| INVOKING Heroism.
 17288 | D:14     | 17288 ||| READING 7 scrolls of teleportation.
 17293 | D:14     | 17293 ||| READING 6 scrolls of teleportation.
 17333 | D:14     | 17333 ||| Stepping ~*~*~tactically~*~*~ (stealth).
 17337 | D:14     | 17337 ||| INVOKING Heroism.
 17571 | D:14     | Found a gate to the Vaults.
 17812 | D:15     | Entered Level 15 of the Dungeon
 17820 | D:15     | 17820 ||| READING scroll of enchant armour.
 17820 | D:15     | 17820 ||| ENCHANTING +0 cloak.
 17826 | D:15     | 17826 ||| Stepping ~*~*~tactically~*~*~ (stealth).
 17834 | D:15     | 17834 ||| INVOKING Heroism.
 17883 | D:15     | 17883 ||| Stepping ~*~*~tactically~*~*~ (hiding).
 17884 | D:15     | 17884 ||| Stepping ~*~*~tactically~*~*~ (hiding).
 17996 | D:15     | 17996 ||| Stepping ~*~*~tactically~*~*~ (hiding).
 18022 | D:15     | 18022 ||| INVOKING Heroism.
 18049 | D:15     | 18049 ||| INVOKING Heroism.
 18085 | D:15     | 18085 ||| READING scroll of enchant weapon.
 18085 | D:15     | 18085 ||| ENCHANTING +2 vampiric broad axe.
 18086 | D:15     | 18086 ||| DROPPING +7 war axe "Huas" {vorpal, Contam Dex+4
                  | SInv}.
 18353 | D:15     | 18353 ||| INVOKING Heroism.
 18356 | D:15     | HP: 10/96 [fire dragon/blast of flame (42)]
 18357 | D:15     | 18357 ||| READING 5 scrolls of teleportation.
 18454 | D:15     | Found a staircase to the Depths.
 18481 | D:15     | 18481 ||| INVOKING Heroism.
 18491 | D:15     | Killed from afar by a fire dragon

Levels and vault maps discovered:
D:1:      ldierk_water_garden, layout_basic, serial_shops,
          nicolae_shop_window_shopping
D:2:      layout_basic, shapermc_ecumenical_altar_rom_forum
D:3:      layout_basic
D:4:      layout_loops_cross
D:5:      layout_rooms, minmay_temple_entry_mini_moons, minivault_14, uniq_ijyb
D:6:      layout_cave_pools, overflow_temple_1_default,
          gammafunk_temple_overflow_statue, serial_shops,
          nicolae_shop_bloodbath_and_beyond, gammafunk_ghost_smash,
          kennysheep_nondescript, minmay_misc_feat_tower,
          hangedman_minor_gate_pass, uniq_pikel
D:7:      layout_gridville, mainiacjoe_overflow_alcove_1, uniq_maggie,
          uniq_joseph
D:8:      layout_loops_ring, jmf_multi_god_temple2, ashenzari_altar_1,
          minmay_between, uniq_grum
D:9:      layout_irregular_city, hiddenorc2_lemuel,
          nicolae_straight_to_the_point, uniq_psyche
D:10:     layout_long_grid, minmay_lair_entry_grove
D:11:     layout_loops_corners, uniq_erolcha
D:12:     minmay_chambers_of_sixes, layout_long_grid, tso_altar
D:13:     layout_loops_cross, serial_bayou, serial_bayou_ford_a,
          serial_bayou_lake_a, serial_bayou_crossing, serial_bayou_lagoon_b,
          uniq_lodul
D:14:     layout_long_grid, david_vaults_5, nicolae_water_bricks,
          minmay_stone_trees_medium
D:15:     grunt_enter_depths_hoard, layout_cave_pools
Temple:   regret_index_temple_waves
Lair:1:   layout_regular_city, enter_volcano_1, chequers_serial_rivers_small_3,
          grunt_megastairs_1, serial_bayou_shore_a
Lair:2:   layout_gridlike, st_stairs_8
Lair:3:   layout_loops_ring, minmay_swamp_entry_wisps,
          guppyfry_snake_entry_garden, grunt_megastairs_2
Lair:4:   layout_regular_city, slime_entry_1
Lair:5:   minmay_lair_end_frog_pond, layout_big_grid,
          hellmonk_guarded_unrand_seven_league_boots

Skill      XL: |  1  2  3  4  5  6  7  8  9 10 11 12 13 14 15 |
---------------+----------------------------------------------+-----
Axes           | 2 3 5 6 7 9 11 12 13 15 16 | 16.0
Fighting       | 4 5 6 7 9 10 11 12 | 12.0
Dodging        | 1 2 3 |  3.1
Armour         | 4 5 6 7 8 9 10 11 | 11.0
Shields        | 5 6 7 11 12 | 12.8
Invocations    | 3 4 7 10 | 10.0
Throwing       | 3 4 5 |  5.1

Action                   |  1- 3 |  4- 6 |  7- 9 | 10-12 | 13-15 || total
-------------------------+-------+-------+-------+-------+-------++-------
Melee: War axe           |   124 |   102 |   166 |       |       ||   392
       Broad axe         |       |       |   209 |   616 |   968 ||  1793
       Morningstar       |       |       |       |    10 |    13 ||    23
Throw: Boomerang         |       |       |       |    21 |    93 ||   114
       Javelin           |       |       |       |    35 |    96 ||   131
Invok: Heroism           |       |       |     4 |    32 |    30 ||    66
       Finesse           |       |       |       |     1 |     8 ||     9
  Use: Scroll            |     2 |     5 |     3 |    10 |    12 ||    32
       Potion            |       |       |     3 |     1 |     2 ||     6
Armor: Scale mail        |    66 |     2 |       |       |       ||    68
       Chain mail        |       |    51 |     2 |       |       ||    53
       Plate armour      |       |       |   240 |   330 |   447 ||  1017
Dodge: Dodged            |    71 |    28 |   102 |   159 |   221 ||   581
Block: Buckler           |    34 |    36 |   195 |   358 |   247 ||   870
       Reflection        |       |     1 |     1 |    14 |    17 ||    33
       Kite shield       |       |       |       |       |   371 ||   371

Table legend:
 A = Non-vault XP
 B = Vault XP
 C = Vault XP percentage of total XP
 D = Non-vault monster count
 E = Vault monster count
 F = Vault count percentage of total count
                 A         B        C        D         E       F
            +---------+---------+-------+---------+---------+-------
      Total |   81042 |   29432 |  26.6 |     446 |     134 |  23.1
            +---------+---------+-------+---------+---------+-------
        D:1 |      57 |       0 |   0.0 |      32 |       0 |   0.0
        D:2 |      33 |       0 |   0.0 |      14 |       0 |   0.0
        D:3 |      27 |       0 |   0.0 |      14 |       0 |   0.0
        D:4 |     536 |       0 |   0.0 |      16 |       0 |   0.0
        D:5 |     638 |      35 |   5.2 |      13 |       1 |   7.1
        D:6 |     571 |     904 |  61.3 |      19 |       8 |  29.6
        D:7 |    2300 |     828 |  26.5 |      38 |       2 |   5.0
        D:8 |    2187 |     544 |  19.9 |      27 |       4 |  12.9
        D:9 |    1128 |     839 |  42.7 |      39 |      33 |  45.8
       D:10 |    1981 |    2391 |  54.7 |      10 |      13 |  56.5
       D:11 |    3239 |     878 |  21.3 |      12 |       1 |   7.7
       D:12 |    6505 |    3580 |  35.5 |      18 |       6 |  25.0
       D:13 |   10335 |    1698 |  14.1 |      27 |       9 |  25.0
       D:14 |    3894 |     889 |  18.6 |      10 |       1 |   9.1
       D:15 |    8494 |       0 |   0.0 |      19 |       0 |   0.0
     Lair:1 |    3897 |     344 |   8.1 |      14 |       2 |  12.5
     Lair:2 |    6035 |     630 |   9.5 |      23 |       1 |   4.2
     Lair:3 |    7386 |    1611 |  17.9 |      30 |       9 |  23.1
     Lair:4 |    8653 |       0 |   0.0 |      29 |       0 |   0.0
     Lair:5 |   13146 |   14261 |  52.0 |      42 |      44 |  51.2
            +---------+---------+-------+---------+---------+-------
